 Dungeon Crawl Stone Soup version 0.25-a0-458-g6fc7858b95 (webtiles) character file.

Game seed: 9192499847857908945, levelgen mode: deterministic

76 Hasart the Skirmisher (level 4, -8/31 HPs)
             Began as an Octopode Fighter on Feb 2, 2020.
             Mangled by Sigmund
             ... wielding a +0 scythe
              (11 damage)
             ... on level 2 of the Dungeon.
             The game lasted 00:02:10 (1717 turns).

Hasart the Skirmisher (Octopode Fighter)            Turns: 1717, Time: 00:02:11

Health: -8/31      AC:  1    Str: 20    XL:     4   Next: 32%
Magic:  4/4        EV: 12    Int: 11    God:
Gold:   63         SH:  0    Dex: 11    Spells: 3/3 levels left

rFire    . . .     SeeInvis .   a - +0 flail
rCold    . . .     Gourm    .   b - +0 shield
rNeg     . . .     Faith    .   (helmet restricted)
rPois    .         Spirit   .   (no amulet)
rElec    .         Reflect  .   (no ring)
rCorr    .         Harm     .   (no ring)
MR       .....                  (no ring)
Stlth    ++........             (no ring)
HPRegen  0.10/turn              (no ring)
MPRegen  0.09/turn              (no ring)
                                (no ring)
                                (no ring)

@: confused, mighty
A: almost no armour, stealthy swim, amphibious, 8 rings, constrict 8, camouflage
1, gelatinous body 1
a: no special abilities


You were on level 2 of the Dungeon.
You were hungry.

You visited 1 branch of the dungeon, and saw 2 of its levels.

You collected 63 gold pieces.

Inventory:

Hand Weapons
 a - a +0 flail (weapon)
Armour
 b - a +0 shield (worn)
Wands
 i - a wand of random effects (16)
Scrolls
 g - a scroll of identify {unknown}
 h - a scroll of amnesia {unknown}
 j - a scroll of teleportation {unknown}
Potions
 e - a potion of curing {unknown}
Comestibles
 d - 3 rations
 f - 4 chunks of flesh


   Skills:
 + Level 3.4 Fighting
 * Level 3.2 Maces & Flails
 + Level 3.4 Dodging
 + Level 3.4 Shields


You had 3 spell levels left.
You didn't know any spells.
Your spell library was empty.

Dungeon Overview and Level Annotations

Branches:
Dungeon (2/15)

Altars:

Annotations:
D:2 Sigmund


Innate Abilities, Weirdness & Mutations

You cannot wear most types of armour.
You are very stealthy in the water. (Stealth+)
You are amphibious.
You can wear up to eight rings at the same time.
You can use your tentacles to constrict eight enemies at once.
Your skin changes colour to match your surroundings (Stealth+).
Your rubbery body absorbs attacks. (AC +1, EV +1)


Message History

You are feeling hungry.
The hobgoblin closely misses you.
You hear some strange, mumbled words.
Something tries to affect you, but you resist.
You closely miss something. The hobgoblin barely misses you.
You block something's attack.
You closely miss something. The hobgoblin hits you.
You hear some strange, mumbled words.
You are confused.
The hobgoblin barely misses you.
You miss something. Something hits you. The hobgoblin misses you.
The hobgoblin hits you. Something hits you. The hobgoblin misses you.
You bump into the rock wall.
Something barely misses you. The hobgoblin hits you.
* * * LOW HITPOINT WARNING * * *
The hobgoblin hits you.
* * * LOW HITPOINT WARNING * * *
Something hits you!
You die...

#......... +.........
###+### #.........
#.....# #.........
#.....# #.........
#.....# #.........
#.....###.........
#.....##>..)......
######@{...###.........
#....'.g...# ##.####...
##.###.....# #.# #...
#.# #.....# #.# #...
#.# ####### #.# #...
#.# #.# #... #.#
#.####... #.#
########........
#.#####...............


You could see a hobgoblin.

Vanquished Creatures
  Jessica (D:2)
  A gnoll (D:1)
  2 worms (D:2)
  A dart slug (D:2)
  A leopard gecko (D:1)
  2 bats (D:2)
  4 giant cockroaches
  5 goblins
  2 hobgoblins
  3 jackals (D:1)
  2 quokkas (D:2)
  A frilled lizard (D:2)
  A kobold (D:2)
  3 rats
29 creatures vanquished.

Notes
Turn   | Place    | Note
-------+----------+-------------------------------------------
     0 | D:1      | Hasart the Octopode Fighter began the quest for the Orb.
     0 | D:1      | Reached XP level 1. HP: 16/16 MP: 1/1
   154 | D:1      | Noticed an ogre
   154 | D:1      | Noticed an ogre
   154 | D:1      | Noticed an ogre
   157 | D:1      | Noticed an ogre
   158 | D:1      | Reached XP level 2. HP: 21/21 MP: 2/2
   604 | D:1      | Reached XP level 3. HP: 25/26 MP: 3/3
  1013 | D:2      | Noticed Jessica
  1020 | D:2      | Killed Jessica
  1096 | D:2      | Reached XP level 4. HP: 19/31 MP: 4/4
  1699 | D:2      | Noticed Sigmund
  1717 | D:2      | Mangled by Sigmund

Levels and vault maps discovered:
D:1:      erik_arrival_cave_to_civilisation [erik_arrival_cave_to_temple],
          layout_basic, hangedman_feature_mirror
D:2:      layout_basic, uniq_jessica, uniq_sigmund

Skill      XL: |  1  2  3 |
---------------+----------+-----
Maces & Flails | 3 |  3.2
Fighting       | |  3.4
Dodging        | |  3.4
Shields        | |  3.4

Action                   |  1- 3 |  4- 6 || total
-------------------------+-------+-------++-------
Melee: Flail             |    40 |    29 ||    69
       Constrict         |    12 |     9 ||    21
       Tentacles         |     4 |     2 ||     6
  Use: Potion            |       |     1 ||     1
 Stab: Sleeping          |     4 |     1 ||     5
  Eat: Chunk             |     1 |     1 ||     2
Armor: Skin              |     2 |     2 ||     4
Dodge: Dodged            |    12 |    26 ||    38
Block: Shield            |    14 |     7 ||    21

Table legend:
 A = Non-vault XP
 B = Vault XP
 C = Vault XP percentage of total XP
 D = Non-vault monster count
 E = Vault monster count
 F = Vault count percentage of total count
                 A         B        C        D         E       F
            +---------+---------+-------+---------+---------+-------
      Total |      69 |      40 |  36.7 |      26 |       3 |  10.3
            +---------+---------+-------+---------+---------+-------
        D:1 |      33 |       3 |   8.3 |      10 |       2 |  16.7
        D:2 |      36 |      37 |  50.7 |      16 |       1 |   5.9
            +---------+---------+-------+---------+---------+-------
